| TOP OF THE 1ST |
|
New Hampshire Fisher Cats batting - Pitching for Jackson Generals : RHP Aidan Martin
|
|
Pitching: RHP Aidan Martin
|
|
|
Batting: SHB Spencer Jones
|
0-0: Foul Ball, location: 2F 0-1: Ball 1-1: Ball 2-1: SINGLE (Groundball, 4D, EV 101.9 MPH)
|
|
Batting: LHB Jose Bregaro
|
0-0: Called Strike Spencer Jones steals 2nd base 0-1: Ball 1-1: Swinging Strike 1-2: Ball 2-2: Strikes out looking
|
|
Batting: SHB Eduardo Maldonado
|
0-0: Swinging Strike 0-1: Called Strike 0-2: Ball 1-2: Fly out, F8 (Line Drive, 8RD, EV 98.8 MPH)
|
|
Batting: RHB Eddie LaRose
|
0-0: Called Strike 0-1: Ball 1-1: Swinging Strike 1-2: Strikes out swinging
|
| Top of the 1st over - 0 runs, 1 hit, 0 errors, 1 left on base; New Hampshire 0 - Jackson 0 |
| BOTTOM OF THE 1ST |
|
Jackson Generals batting - Pitching for New Hampshire Fisher Cats : RHP Mike Powell
|
|
Pitching: RHP Mike Powell
|
|
|
Batting: RHB Brad Robidas
|
0-0: Ball 1-0: Bunt missed! 1-1: Ball 2-1: Foul Ball, location: 2F 2-2: Strikes out looking
|
|
Batting: SHB Jose Castillo
|
0-0: Called Strike 0-1: Ball 1-1: Bunt missed! 1-2: Ball 2-2: Strikes out swinging
|
|
Batting: RHB Tony Vargas
|
0-0: Foul Ball, location: 2F 0-1: Swinging Strike 0-2: Ball 1-2: Strikes out swinging
|
| Bottom of the 1st over - 0 runs, 0 hits, 0 errors, 0 left on base; New Hampshire 0 - Jackson 0 |
| TOP OF THE 2ND |
|
New Hampshire Fisher Cats batting - Pitching for Jackson Generals : RHP Aidan Martin
|
|
Batting: RHB Donny Burnside
|
0-0: Called Strike 0-1: Ball 1-1: Foul Ball, location: 2F 1-2: Ball 2-2: Foul Ball, location: 2F 2-2: Ball 3-2: Foul Ball, location: 2F 3-2: Foul Ball, location: 2F 3-2: Base on Balls
|
|
Batting: RHB Charles Marcel
|
0-0: Ball Donny Burnside steals 2nd base 1-0: Called Strike 1-1: Foul Ball, location: 2F 1-2: Ball 2-2: Strikes out swinging
|
|
Batting: RHB Lee McKay
|
0-0: Swinging Strike 0-1: Foul Ball, location: 2F 0-2: Hit by Pitch
|
|
Batting: RHB Jorge Baret
|
0-0: Called Strike 0-1: Fly out, F3 (Popup, 34, EV 78.8 MPH)
|
|
Batting: RHB Cyril Husson
|
0-0: Foul Ball, location: 2F 0-1: SINGLE (Line Drive, 4D, EV 104.4 MPH) Donny Burnside to third Lee McKay to second Runner from 3rd tries for Home, SAFE, throw by CF to home
|
|
Batting: SHB Spencer Jones
|
0-0: Ball 1-0: Ball 2-0: Swinging Strike 2-1: Fly out, F8 (Flyball, 78D, EV 95.0 MPH)
|
| Top of the 2nd over - 1 run, 1 hit, 0 errors, 2 left on base; New Hampshire 1 - Jackson 0 |
| BOTTOM OF THE 2ND |
|
Jackson Generals batting - Pitching for New Hampshire Fisher Cats : RHP Mike Powell
|
|
Batting: LHB Justin Long
|
0-0: Ball 1-0: Fly out, F8 (Flyball, 8LM, EV 89.4 MPH)
|
|
Batting: RHB Harutomi Matsubara
|
0-0: Called Strike 0-1: Ground out 6-3 (Groundball, 6, EV 78.8 MPH)
|
|
Batting: RHB Robby Cuellar
|
0-0: Ball 1-0: Swinging Strike 1-1: Called Strike 1-2: Strikes out looking
|
| Bottom of the 2nd over - 0 runs, 0 hits, 0 errors, 0 left on base; New Hampshire 1 - Jackson 0 |
| TOP OF THE 3RD |
|
New Hampshire Fisher Cats batting - Pitching for Jackson Generals : RHP Aidan Martin
|
|
Batting: LHB Jose Bregaro
|
0-0: Fly out, F8 (Line Drive, 8LM, EV 88.8 MPH)
|
|
Batting: SHB Eduardo Maldonado
|
0-0: Ball 1-0: Foul Ball, location: 2F 1-1: Fly out, F8 (Flyball, 8LS, EV 86.9 MPH)
|
|
Batting: RHB Eddie LaRose
|
0-0: Foul Ball, location: 2F 0-1: Called Strike 0-2: Ball 1-2: Strikes out swinging
|
| Top of the 3rd over - 0 runs, 0 hits, 0 errors, 0 left on base; New Hampshire 1 - Jackson 0 |
| BOTTOM OF THE 3RD |
|
Jackson Generals batting - Pitching for New Hampshire Fisher Cats : RHP Mike Powell
|
|
Batting: RHB Hideo Okimura
|
0-0: Swinging Strike 0-1: Swinging Strike 0-2: Ball 1-2: Strikes out swinging
|
|
Batting: SHB Detlef Oursler
|
0-0: Foul Ball, location: 2F 0-1: Ball 1-1: Ball 2-1: Ball 3-1: Ground out U3 (Groundball, 3, EV 83.1 MPH)
|
|
Batting: RHB Kikuo Sato
|
0-0: Ball 1-0: Called Strike 1-1: SINGLE (Groundball, 4D, EV 109.4 MPH)
|
|
Batting: RHB Brad Robidas
|
0-0: Ball Kikuo Sato steals 2nd base 1-0: Ball 2-0: Fly out, F8 (Line Drive, 8RD, EV 92.5 MPH)
|
| Bottom of the 3rd over - 0 runs, 1 hit, 0 errors, 1 left on base; New Hampshire 1 - Jackson 0 |
| TOP OF THE 4TH |
|
New Hampshire Fisher Cats batting - Pitching for Jackson Generals : RHP Aidan Martin
|
|
Batting: RHB Donny Burnside
|
0-0: Ball 1-0: Called Strike 1-1: Foul Ball, location: 2F 1-2: Ball 2-2: Foul Ball, location: 2F 2-2: Ball 3-2: Ground out 5-3 (Groundball, 56, EV 80.6 MPH)
|
|
Batting: RHB Charles Marcel
|
0-0: Swinging Strike 0-1: Ground out 6-3 (Groundball, 56, EV 101.9 MPH)
|
|
Batting: RHB Lee McKay
|
0-0: Called Strike 0-1: Ball 1-1: Fly out, F5 (Flyball, 5D, EV 85.6 MPH)
|
| Top of the 4th over - 0 runs, 0 hits, 0 errors, 0 left on base; New Hampshire 1 - Jackson 0 |
| BOTTOM OF THE 4TH |
|
Jackson Generals batting - Pitching for New Hampshire Fisher Cats : RHP Mike Powell
|
|
Batting: SHB Jose Castillo
|
0-0: Called Strike 0-1: Ball 1-1: Ball 2-1: Fly out, F6 (Popup, 6D, EV 46.3 MPH)
|
|
Batting: RHB Tony Vargas
|
0-0: Foul Ball, location: 2F 0-1: Ball 1-1: Ball 2-1: Foul Ball, location: 2F 2-2: DOUBLE (Line Drive, 9LM, EV 98.8 MPH)
|
|
Batting: LHB Justin Long
|
0-0: Ball 1-0: Ball 2-0: Called Strike 2-1: SINGLE (Flyball, 89S, EV 91.9 MPH) Tony Vargas to third Runner from 3rd tries for Home, throw by RF and OUT! 9-2 Justin Long to second
|
|
Batting: RHB Harutomi Matsubara
|
0-0: Called Strike 0-1: Fly out, F8 (Flyball, 8RD, EV 88.1 MPH)
|
| Bottom of the 4th over - 0 runs, 2 hits, 0 errors, 1 left on base; New Hampshire 1 - Jackson 0 |
| TOP OF THE 5TH |
|
New Hampshire Fisher Cats batting - Pitching for Jackson Generals : RHP Aidan Martin
|
|
Batting: RHB Jorge Baret
|
0-0: Called Strike 0-1: Ground out 5-3 (Groundball, 5, EV 86.9 MPH)
|
|
Batting: RHB Cyril Husson
|
0-0: Called Strike 0-1: Foul Ball, location: 2F 0-2: Strikes out swinging
|
|
Batting: SHB Spencer Jones
|
0-0: Ground out 5-3 (Groundball, 25, EV 88.1 MPH)
|
| Top of the 5th over - 0 runs, 0 hits, 0 errors, 0 left on base; New Hampshire 1 - Jackson 0 |
| BOTTOM OF THE 5TH |
|
Jackson Generals batting - Pitching for New Hampshire Fisher Cats : RHP Mike Powell
|
|
Batting: RHB Robby Cuellar
|
0-0: Called Strike 0-1: SINGLE (Flyball, 34D, EV 97.5 MPH)
|
|
Batting: RHB Hideo Okimura
|
0-0: Foul Ball, location: 2F 0-1: Ball 1-1: Ball 2-1: Foul Ball, location: 2F 2-2: Foul Ball, location: 2F 2-2: Ball 3-2: Strikes out swinging
|
|
Batting: SHB Detlef Oursler
|
0-0: Ball 1-0: Ball 2-0: Called Strike 2-1: Swinging Strike 2-2: Strikes out looking
|
|
Batting: RHB Kikuo Sato
|
0-0: DOUBLE (Line Drive, 5D, EV 96.9 MPH) Robby Cuellar to third Runner from 3rd tries for Home, SAFE, no throw by LF
|
|
Batting: RHB Brad Robidas
|
0-0: Ball 1-0: Called Strike 1-1: Ball 2-1: Swinging Strike 2-2: Ball 3-2: Base on Balls
|
|
Batting: SHB Jose Castillo
|
0-0: Foul Ball, location: 2F 0-1: Swinging Strike 0-2: Ball 1-2: Ball 2-2: Ball 3-2: Base on Balls Kikuo Sato to third Brad Robidas to second
|
|
Batting: RHB Tony Vargas
|
0-0: Ball 1-0: Ball 2-0: Swinging Strike 2-1: Fly out, F4 (Popup, 4, EV 70.0 MPH)
|
| Bottom of the 5th over - 1 run, 2 hits, 0 errors, 3 left on base; New Hampshire 1 - Jackson 1 |
| TOP OF THE 6TH |
|
New Hampshire Fisher Cats batting - Pitching for Jackson Generals : RHP Aidan Martin
|
|
Batting: LHB Jose Bregaro
|
0-0: Swinging Strike 0-1: Swinging Strike 0-2: Strikes out looking
|
|
Batting: SHB Eduardo Maldonado
|
0-0: Ball 1-0: Called Strike 1-1: Called Strike 1-2: Foul Ball, location: 2F 1-2: Ball 2-2: Strikes out swinging
|
|
Batting: RHB Eddie LaRose
|
0-0: Ball 1-0: Called Strike 1-1: Ball 2-1: Called Strike 2-2: Ball 3-2: SOLO HOME RUN (Flyball, 9LD, EV 90.6 MPH), Distance : 339 ft
|
|
Batting: RHB Donny Burnside
|
0-0: Ball 1-0: Called Strike 1-1: Foul Ball, location: 2F 1-2: Foul Ball, location: 2F 1-2: Foul Ball, location: 2F 1-2: Foul Ball, location: 2F 1-2: Ball 2-2: Ball 3-2: Foul Ball, location: 2F 3-2: Strikes out swinging
|
| Top of the 6th over - 1 run, 1 hit, 0 errors, 0 left on base; New Hampshire 2 - Jackson 1 |
| BOTTOM OF THE 6TH |
|
Jackson Generals batting - Pitching for New Hampshire Fisher Cats : RHP Mike Powell
|
|
Batting: LHB Justin Long
|
0-0: Ball 1-0: Ball 2-0: Foul Ball, location: 2F 2-1: Ball 3-1: Fly out, F9 (Flyball, 9, EV 78.1 MPH)
|
|
Batting: RHB Harutomi Matsubara
|
0-0: Swinging Strike 0-1: Foul Ball, location: 2F 0-2: Strikes out swinging
|
|
Batting: RHB Robby Cuellar
|
0-0: Hit by Pitch
|
|
Batting: RHB Hideo Okimura
|
0-0: SINGLE (Groundball, 56D, EV 105.0 MPH) Robby Cuellar to second
|
|
Batting: SHB Detlef Oursler
|
0-0: Hit by Pitch Robby Cuellar to third Hideo Okimura to second
|
|
Batting: RHB Kikuo Sato
|
0-0: Ball 1-0: Foul Ball, location: 2F 1-1: Swinging Strike 1-2: Strikes out swinging
|
| Bottom of the 6th over - 0 runs, 1 hit, 0 errors, 3 left on base; New Hampshire 2 - Jackson 1 |
| TOP OF THE 7TH |
|
New Hampshire Fisher Cats batting - Pitching for Jackson Generals : RHP Aidan Martin
|
|
Pitching: RHP Tyler Rayner
|
|
|
Batting: RHB Charles Marcel
|
0-0: Ground out 5-3 (Groundball, 56S, EV 67.5 MPH)
|
|
Batting: RHB Lee McKay
|
0-0: Ball 1-0: Ball 2-0: Ball 3-0: Base on Balls
|
|
Batting: RHB Jorge Baret
|
0-0: Grounds into double play, 4-6-3 (Groundball, 4MD, EV 88.8 MPH)
|
| Top of the 7th over - 0 runs, 0 hits, 0 errors, 0 left on base; New Hampshire 2 - Jackson 1 |
| BOTTOM OF THE 7TH |
|
Jackson Generals batting - Pitching for New Hampshire Fisher Cats : RHP Mike Powell
|
|
Batting: RHB Brad Robidas
|
0-0: Ball 1-0: Ground out 6-3 (Groundball, 6, EV 78.1 MPH)
|
|
Pitching: LHP Vinny Zavala
|
|
|
Batting: SHB Jose Castillo
|
0-0: Ground out 5-3 (Groundball, 5S, EV 69.4 MPH)
|
|
Batting: RHB Tony Vargas
|
0-0: Ball 1-0: Swinging Strike 1-1: Ball 2-1: Foul Ball, location: 2F 2-2: Foul Ball, location: 2F 2-2: DOUBLE (Flyball, 89D, EV 110.0 MPH)
|
|
Batting: RHB Joe Stading
|
0-0: Ball 1-0: Called Strike 1-1: Ball 2-1: Ground out 1-3 (Groundball, 25, EV 63.8 MPH)
|
| Bottom of the 7th over - 0 runs, 1 hit, 0 errors, 1 left on base; New Hampshire 2 - Jackson 1 |
| TOP OF THE 8TH |
|
New Hampshire Fisher Cats batting - Pitching for Jackson Generals : RHP Tyler Rayner
|
|
Batting: RHB Cyril Husson
|
0-0: SINGLE (Groundball, 6D, EV 108.1 MPH)
|
|
Batting: SHB Spencer Jones
|
0-0: Ball Cyril Husson steals 2nd, throwing error, E2 Cyril Husson to third 1-0: Swinging Strike 1-1: SINGLE (Groundball, 4D, EV 96.9 MPH) Cyril Husson scores
|
|
Batting: LHB Jose Bregaro
|
0-0: Foul Ball, location: 2F 0-1: Grounds out, U3 (Groundball, 3L, EV 103.8 MPH)
|
|
Batting: SHB Eduardo Maldonado
|
0-0: Ball 1-0: Foul Ball, location: 2F 1-1: Called Strike 1-2: Foul Ball, location: 2F 1-2: DOUBLE (Line Drive, 9LM, EV 103.1 MPH) Spencer Jones scores
|
|
Batting: RHB Eddie LaRose
|
0-0: Ball 1-0: Ball 2-0: Ball 3-0: Called Strike 3-1: Foul Ball, location: 2F 3-2: Strikes out swinging
|
|
Batting: RHB Donny Burnside
|
0-0: Ball 1-0: Fly out, F4 (Popup, 4M, EV 52.5 MPH)
|
| Top of the 8th over - 2 runs, 3 hits, 1 error, 1 left on base; New Hampshire 4 - Jackson 1 |
| BOTTOM OF THE 8TH |
|
Jackson Generals batting - Pitching for New Hampshire Fisher Cats : LHP Vinny Zavala
|
|
Batting: RHB Harutomi Matsubara
|
0-0: Called Strike 0-1: Foul Ball, location: 2F 0-2: Ball 1-2: Ground out 6-3 (Groundball, 6, EV 88.8 MPH)
|
|
Batting: RHB Robby Cuellar
|
0-0: Foul Ball, location: 2F 0-1: Ball 1-1: Ball 2-1: Ball 3-1: Foul Ball, location: 2F 3-2: Ground out 4-3 (Groundball, 4S, EV 83.1 MPH)
|
|
Batting: RHB Hideo Okimura
|
0-0: Swinging Strike 0-1: Ball 1-1: SINGLE (Groundball, 34D, EV 95.6 MPH)
|
|
Batting: SHB Detlef Oursler
|
0-0: Swinging Strike 0-1: Swinging Strike 0-2: Foul Ball, location: 2F 0-2: Strikes out swinging
|
| Bottom of the 8th over - 0 runs, 1 hit, 0 errors, 1 left on base; New Hampshire 4 - Jackson 1 |
| TOP OF THE 9TH |
|
New Hampshire Fisher Cats batting - Pitching for Jackson Generals : RHP Tyler Rayner
|
|
Pitching: RHP Victor Cervantes
|
|
|
Batting: RHB Charles Marcel
|
0-0: Ball 1-0: Foul Ball, location: 2F 1-1: Ball 2-1: Ground out 5-3 (Groundball, 5, EV 101.3 MPH)
|
|
Batting: RHB Lee McKay
|
0-0: Ground out 6-3 (Groundball, 6, EV 86.9 MPH)
|
|
Batting: RHB Jorge Baret
|
0-0: Ball 1-0: Swinging Strike 1-1: Foul Ball, location: 2F 1-2: Ball 2-2: Ball 3-2: SINGLE (Line Drive, 8RS, EV 106.3 MPH)
|
|
Batting: RHB Cyril Husson
|
0-0: Foul Ball, location: 2F 0-1: Ball Jorge Baret is caught stealing 2nd base 2-4
|
| Top of the 9th over - 0 runs, 1 hit, 0 errors, 0 left on base; New Hampshire 4 - Jackson 1 |
| BOTTOM OF THE 9TH |
|
Jackson Generals batting - Pitching for New Hampshire Fisher Cats : LHP Vinny Zavala
|
|
Pitching: LHP Julio Gonzalez
|
|
|
Batting: RHB Kikuo Sato
|
0-0: Swinging Strike 0-1: Ball 1-1: Ball 2-1: Called Strike 2-2: Strikes out swinging
|
|
Batting: RHB Brad Robidas
|
0-0: Fly out, F9 (Flyball, 9LM, EV 95.6 MPH)
|
|
Batting: SHB Jose Castillo
|
0-0: Fly out, F7 (Line Drive, 7, EV 90.0 MPH)
|
| Bottom of the 9th over - 0 runs, 0 hits, 0 errors, 0 left on base; New Hampshire 4 - Jackson 1 |
|